 Dungeon Crawl Stone Soup version 0.29-a0-824-gd827844 (webtiles) character file.

Game seed: 13477522038081943868

708260 PurpleRed the Archmage (level 27, -9/152 HPs)
             Began as a Deep Elf Brigand on July 7, 2022.
             Was the Champion of Cheibriados.
             Killed from afar by a demonspawn blood saint (42 damage)
             ... with an iceblast
             ... in Pandemonium on July 9, 2022.
             The game lasted 05:46:15 (19341 turns).

PurpleRed the Archmage (Deep Elf Brigand)          Turns: 19341, Time: 05:46:15

Health: -9/152     AC: 23    Str: 27    XL:     27
Magic:  9/68       EV: 27    Int: 60    God:    Cheibriados [******]
Gold:   1236       SH: 11    Dex: 31    Spells: 12/80 levels left

rFire   + + .      SeeInvis +   b - +3 Elemental Staff {rElec rF++ rC++ AC+5}
rCold   + + .      Faith    .   o - +3 buckler {rN+}
rNeg    + + .      Spirit   .   z - +4 troll leather armour
rPois   +          Reflect  .   R - +2 hat
rElec   +          Harm     .   v - +2 cloak of Inviolability {Will+ Regen+}
rCorr   .          Rampage  .   J - +1 pair of gloves of Soft Rains {rElec MP+9 Int+3}
Will    +++++                   N - +1 pair of boots of Satisfaction {Str+4}
Stlth   +++++.....              O - amulet "Ophul" {RegenMP Int+5}
HPRegen 1.95/turn               w - ring "Xofupuu" {Drain rN+ Will+++ MP+9 SInv}
MPRegen 0.81/turn               e - ring of the Empire {rPois Will+ Int+6}

@: studying 3 skills, very slow
A: low MP 1, wild magic 1
}: 4/15 runes: decaying, slimy, silver, gossamer
a: Renounce Religion, Bend Time, Temporal Distortion, Slouch, Step From Time


You were in Pandemonium.
You worshipped Cheibriados.
Cheibriados was exalted by your worship.
You visited 10 branches of the dungeon, and saw 47 of its levels.
You visited Pandemonium 1 time, and saw 2 of its levels.
You visited 1 ziggurat, and saw 21 of its levels.
You also visited: Ossuary.

You collected 4508 gold pieces.
You spent 3272 gold pieces at shops.

Inventory:

Hand Weapons
 a - the +8 Vampire's Tooth {vamp}
   (You found it on level 21 of a ziggurat)

   It occasionally heals its wielder for the full amount of damage dealt when it
   wounds a living foe.
 b - the +3 Elemental Staff (weapon) {rElec rF++ rC++ AC+5}
   (You took it off a wizard on level 1 of the Elven Halls)

   If the wielder is skilled in Evocations, they can discharge powerful blasts
   of elemental energy when striking with it.
   It enhances your fire, ice, earth and air magic.
   AC:        It affects your AC (+5).
   rF:        It greatly protects you from fire.
   rC:        It greatly protects you from cold.
   rElec:     It insulates you from electricity.
 d - the +10 rapier of the Smoking Scorpion {freeze, rF+ Int+2 Dex+2}
   (You found it on level 8 of a ziggurat)

   It freezes those it strikes, dealing additional cold damage.
   It can also slow down cold-blooded creatures.
   Int:       It affects your intelligence (+2).
   Dex:       It affects your dexterity (+2).
   rF:        It protects you from fire.
 A - the +2 long sword of the Spectre {flame, rF+ rN+++ Str+3 Dex-4}
   (You found it on level 17 of a ziggurat)

   It burns those it strikes, dealing additional fire damage.
   Big, fiery blades are also staple armaments of hydra-hunters.
   Str:       It affects your strength (+3).
   Dex:       It affects your dexterity (-4).
   rF:        It protects you from fire.
   rN:        It renders you almost immune to negative energy.
Missiles
 f - 21 boomerangs (quivered)
 D - 4 curare-tipped darts
Armour
 c - a scarf of resistance
 o - a +3 buckler of positive energy (worn)
 r - the +0 ring mail of Gestures {rElec rC- Regen+ SInv}
   (You found it on level 17 of a ziggurat)

   rC:        It makes you vulnerable to cold.
   rElec:     It insulates you from electricity.
   SInv:      It lets you see invisible.
   Regen:     It increases your rate of health regeneration.
 u - the +1 pair of gloves of the Guilds {rPois Will+ Int+3}
   (You found it on level 13 of the Dungeon)

   Int:       It affects your intelligence (+3).
   rPois:     It protects you from poison.
   Will:      It increases your willpower.
 v - the +2 cloak of Inviolability (worn) {Will+ Regen+}
   (You found it on level 21 of a ziggurat)

   Regen:     It increases your rate of health regeneration.
   Will:      It increases your willpower.
 z - a +4 troll leather armour (worn)
 J - the +1 pair of gloves of Soft Rains (worn) {rElec MP+9 Int+3}
   (You bought it in a shop on level 9 of the Dungeon)

   Int:       It affects your intelligence (+3).
   rElec:     It insulates you from electricity.
   MP:        It affects your magic capacity (+9).
 N - the +1 pair of boots of Satisfaction (worn) {Str+4}
   (You found it on level 11 of a ziggurat)

   Str:       It affects your strength (+4).
 R - a +2 hat (worn)
Magical Staves
 U - a staff of death
Jewellery
 e - the ring of the Empire (right hand) {rPois Will+ Int+6}
   (You acquired it on level 5 of the Vaults)

   [ring of intelligence]

   Int:       It affects your intelligence (+6).
   rPois:     It protects you from poison.
   Will:      It increases your willpower.
 h - the ring "Vem Siha" {rElec rCorr Str+3}
   (You found it on level 10 of a ziggurat)

   [ring of resist corrosion]

   Str:       It affects your strength (+3).
   rElec:     It insulates you from electricity.
   rCorr:     It protects you from acid and corrosion.
 i - the ring "Torurol" {rPois rC+ rN+ Will+ Dex-2}
   (You bought it in a shop on level 8 of the Dungeon)

   [ring of poison resistance]

   Dex:       It affects your dexterity (-2).
   rC:        It protects you from cold.
   rPois:     It protects you from poison.
   rN:        It protects you from negative energy.
   Will:      It increases your willpower.
 w - the ring "Xofupuu" (left hand) {Drain rN+ Will+++ MP+9 SInv}
   (You found it on level 19 of a ziggurat)

   [ring of positive energy]

   rN:        It protects you from negative energy.
   MP:        It affects your magic capacity (+9).
   SInv:      It lets you see invisible.
   Drain:     It drains your maximum health when unequipped.
   Will:      It greatly increases your willpower.
 F - the ring "Hoylup Boorr" {EV+4 Int+5}
   (You found it on level 13 of a ziggurat)

   [ring of evasion]

   EV:        It affects your evasion (+4).
   Int:       It affects your intelligence (+5).
 O - the amulet "Ophul" (around neck) {RegenMP Int+5}
   (You found it on level 5 of the Pits of Slime)

   [amulet of magic regeneration]

   It increases your rate of magic regeneration.
   Int:       It affects your intelligence (+5).
 P - the amulet "Osiumn" {Faith rC++ Regen+ Int+3}
   (You took it off a yaktaur captain on level 5 of the Vaults)

   [amulet of faith]

   It allows you to gain divine favour quickly.
   Int:       It affects your intelligence (+3).
   rC:        It greatly protects you from cold.
   Regen:     It increases your rate of health regeneration.
 Q - a ring of wizardry
 S - a ring of flight
Wands
 m - a wand of light (17)
 G - a wand of roots (2)
 H - a wand of digging (19)
Scrolls
 j - 8 scrolls of amnesia
 k - 3 scrolls of vulnerability
 p - 7 scrolls of poison
 q - 15 scrolls of teleportation
 s - 5 scrolls of blinking
 E - 3 scrolls of summoning
 K - 5 scrolls of silence
 M - 14 scrolls of fog
 W - 6 scrolls of magic mapping
 X - 3 scrolls of fear
Potions
 g - 2 potions of magic
 l - 3 potions of berserk rage
 n - 14 potions of curing
 t - 4 potions of flight
 x - 3 potions of cancellation
 y - 4 potions of brilliance
 C - 8 potions of ambrosia
 L - 2 potions of resistance
 T - 11 potions of mutation
 Y - 3 potions of heal wounds
 Z - 4 potions of might


   Skills:
 - Level 10.0 Fighting
 - Level 8.0 Short Blades
 - Level 2.0 Throwing
 - Level 6.0 Armour
 - Level 14.0 Dodging
 - Level 8.0 Stealth
 - Level 6.0 Shields
 O Level 27 Spellcasting
 - Level 21.0 Conjurations
 - Level 6.0 Necromancy
 - Level 3.0 Translocations
 - Level 21.0 Fire Magic
 + Level 18.1 Ice Magic
 - Level 22.2 Earth Magic
 - Level 8.0 Invocations


You had 12 spell levels left.
You knew the following spells:

 Your Spells              Type           Power      Damage    Failure   Level
a - Iskenderun's Mystic   Conj/Tloc      100%       2d19      1%          4
b - Starburst             Conj/Fire      95%        6d24      1%          6
c - Iron Shot             Conj/Erth      95%        9d17      1%          6
d - Borgnjor's Vile Clut  Necr/Erth      85%        N/A       1%          5
e - Ignition              Fire           95%        3d24      1%          8
f - Fireball              Conj/Fire      95%        3d35      1%          5
g - Fire Storm            Conj/Fire      95%        8d24      3%          9
h - Ozocubu's Armour      Ice            100%       N/A       1%          3
i - Polar Vortex          Ice            91%        N/A       11%         9
q - Apportation           Tloc           100%       N/A       1%          1
s - Lehudib's Crystal Sp  Conj/Erth      95%        10d21     1%          8
w - Passwall              Tmut/Erth      100%       N/A       1%          2
x - Sublimation of Blood  Necr           100%       N/A       1%          2

Your spell library contained the following spells:

 Spells                   Type           Power      Damage    Failure   Level
 Beastly Appendage        Tmut           100%       N/A       1%          1
 Foxfire                  Conj/Fire      100%       2x1d9     1%          1
 Freeze                   Ice            100%       1d11      1%          1
 Magic Dart               Conj           100%       1d8       1%          1
 Necrotise                Necr           100%       1d9       1%          1
 Sandblast                Erth           100%       2d20      1%          1
 Shock                    Conj/Air       100%       1d9       1%          1
 Slow                     Hex            100%       N/A       1%          1
 Summon Small Mammal      Summ           100%       N/A       1%          1
 Blink                    Tloc           100%       N/A       1%          2
 Call Imp                 Summ           81%        N/A       1%          2
 Ensorcelled Hibernation  Hex/Ice        100%       N/A       1%          2
 Poisonous Vapours        Pois/Air       100%       N/A       1%          2
 Scorch                   Fire           100%       2d10      1%          2
 Static Discharge         Conj/Air       100%       3-16/arc  1%          2
 Wereblood                Tmut           81%        N/A       1%          2
 Call Canine Familiar     Summ           81%        N/A       1%          3
 Confusing Touch          Hex            81%        N/A       1%          3
 Conjure Flame            Conj/Fire      100%       6-21      1%          3
 Dazzling Flash           Conj/Hex       100%       N/A       1%          3
 Gell's Gravitas          Tloc           100%       N/A       1%          3
 Ignite Poison            Fire/Tmut/Pois 100%       N/A       1%          3
 Inner Flame              Hex/Fire       100%       N/A       1%          3
 Mephitic Cloud           Conj/Pois/Air  100%       N/A       1%          3
 Portal Projectile        Hex/Tloc       100%       N/A       1%          3
 Spider Form              Tmut/Pois      81%        N/A       1%          3
 Stone Arrow              Conj/Erth      100%       3d13      1%          3
 Summon Guardian Golem    Hex/Summ       81%        N/A       1%          3
 Swiftness                Air            100%       N/A       1%          3
 Teleport Other           Tloc           100%       N/A       1%          3
 Tukima's Dance           Hex            81%        N/A       1%          3
 Vampiric Draining        Necr           100%       2d13      1%          3
 Anguish                  Hex/Necr       50%        N/A       1%          4
 Animate Armour           Summ/Erth      100%       N/A       1%          4
 Animate Dead             Necr           100%       N/A       1%          4
 Corpse Rot               Necr/Pois/Air  100%       N/A       1%          4
 Dispel Undead            Necr           100%       3d31      1%          4
 Flame Wave               Conj/Fire      100%       2d17      1%          4
 Petrify                  Tmut/Erth      100%       N/A       1%          4
 Sticky Flame             Conj/Fire      100%       2d11      1%          4
 Freezing Cloud           Conj/Ice/Air   97%        6-21      1%          5
 Irradiate                Conj/Tmut      66%        3d35      1%          5
 Lee's Rapid Deconstruct  Erth           96%        3d43*     1%          5
 Lightning Bolt           Conj/Air       79%        1d106     1%          5
 Manifold Assault         Tloc           100%       N/A       1%          5
 Metabolic Englaciation   Hex/Ice        76%        N/A       1%          5
 Simulacrum               Ice/Necr       82%        N/A       1%          6
 Orb of Destruction       Conj           81%        9d18      1%          7
 Ozocubu's Refrigeration  Ice            91%        4d23      1%          7
 Airstrike                Air            51%        0-16+     2%          4
 Cause Fear               Hex            40%        N/A       2%          4
 Olgreb's Toxic Radiance  Pois           81%        N/A       2%          4
 Death Channel            Necr           57%        N/A       2%          6
 Spellforged Servitor     Conj/Summ      66%        N/A       2%          7
 Blade Hands              Tmut           40%        N/A       5%          5
 Silence                  Hex/Air        51%        N/A       5%          5
 Yara's Violent Unravell  Hex/Tmut       40%        3d16      5%          5
 Dispersal                Tloc           50%        N/A       8%          6
 Eringya's Noxious Bog    Tmut/Pois      40%        N/A       24%         6
 Summon Cactus Giant      Summ           40%        N/A       24%         6
 Haunt                    Necr/Summ      50%        N/A       34%         7
 Infestation              Necr           57%        N/A       61%         8
 Dragon Form              Tmut           40%        N/A       75%         7
 Enfeeble                 Hex            40%        N/A       75%         7
 Storm Form               Tmut/Air       51%        N/A       75%         7
 Summon Hydra             Summ           40%        N/A       75%         7
 Disjunction              Tloc           50%        N/A       95%         8
 Discord                  Hex            40%        N/A       100%        8
 Maxwell's Capacitive Co  Air            51%        ∞         100%        8


Dungeon Overview and Level Annotations

Branches:
Dungeon (15/15)            Temple (1/1) D:4            Lair (6/6) D:8
  Swamp (4/4) Lair:2       Spider (4/4) Lair:4        Slime (5/5) Lair:6
    Orc (2/2) D:10            Elf (3/3) Orc:2        Vaults (5/5) D:13
  Crypt (0/3) Vaults:3     Depths (2/4) D:15        Ossuary (visited)

Altars:
Ashenzari
Cheibriados
Dithmenos
Elyvilon
Fedhas
Gozag
Hepliaklqana
Kikubaaqudgha
Makhleb
Nemelex Xobeh
Okawaru
Qazlal
Ru
Sif Muna
Trog
Uskayaw
Vehumet
Wu Jian
Xom
Yredelemnul
Zin
The Shining One
Jiyva

Shops:
D:5 :   D:6 *   D:8 =   D:9 [   D:12 =   Orc:2 [:!*   Elf:3 (   Vaults:5 ??!

Portals:
Hell: Depths:2
Abyss: Depths:1
Pandemonium: Orc:2 Depths:1

Annotations:
D:13 3 runed translucent doors, exclusion: orange crystal statue
Swamp:1 Roxanne


Innate Abilities, Weirdness & Mutations

Your magical capacity is low. (-10% MP)
Your spells are a little harder to cast, but a little more powerful.


Message History

Aiming: Lehudib's Crystal Spear (dangerous; 1% risk of failure)
Press: ? - help, Shift-Dir - straight line, f/p - demonspawn blood saint
Aim: a demonspawn blood saint, wielding a +0 quarterstaff and wearing a +0 robe (heavily wounded, fast, 83% to hit)
You feel a surge of power!
The crystal spear hits the demonspawn blood saint!!!!
You kill the demonspawn blood saint!
Cheibriados appreciates the change of pace.
Casting: Lehudib's Crystal Spear (dangerous; 1% risk of failure)
Confirm with . or Enter, or press ? or * to list all spells.
You draw magical energy from your own body!
The cacodemon gestures at you.
Strange energies course through your body.
You feel less energetic.
Unknown command.
Casting: Sublimation of Blood (safe; 1% risk of failure)
Confirm with . or Enter, or press ? or * to list all spells.
Aiming: Iron Shot (safe; 1% risk of failure)
Press: ? - help, Shift-Dir - straight line, f - cacodemon
Aim: a cacodemon (heavily wounded, strong, 85% to hit)
You feel a surge of power!
The iron shot hits the cacodemon!!!!
You kill the cacodemon!
Cheibriados thoroughly appreciates the change of pace.
You hear a roar!
As you read the scroll of teleportation, it crumbles to dust.
You feel strangely unstable.
Your surroundings suddenly seem different.
A demonspawn blood saint, 2 Ice Fiends and a rakshasa come into view.
The rakshasa looks more energetic.
The Ice Fiend no longer looks unusually strong.
The rakshasa looks more energetic.
A ynoxinul comes into view.
The Ice Fiend gestures at you. The bolt of cold hits you! You resist.
The Ice Fiend calls on the powers of darkness!
Your body is wracked with pain!
The demonspawn blood saint conjures a destructive force in the name of Makhleb!
The fireball explodes!
The fireball engulfs you! You resist.
* * * LOW HITPOINT WARNING * * *
The mass of ice explodes!
The iceblast engulfs you!!! You partially resist.
You die...

#......v#.....##∩......#
#.......#.....##.......#
+....2..'.v....'.......#
###.3R###......#....)..#
####1##.##.....#.......#
#.....#..+.....###'#####
#.....#..####'####.###
###...1R.....#.........###
#.##..6..@...#...∩.......#
+..#R.1......#............
#...##..#'######.........#
....#.......#.#'#.....###
..###
#'##.......#...###.###
#....##.R#.......#.....###
#....'.......'.......#
###..#.....^.#.......#
#'##.......#.........


You could see 3 Ice Fiends, a demonspawn blood saint (agile), 2 rakshasas and a
ynoxinul (wandering).

Vanquished Creatures
  the Royal Jelly (Slime:5)
  4 dread liches
  5 ancient liches
  A royal mummy (Zig:10)
  the Lernaean hydra (Swamp:4)
  2 caustic shrikes (Zig:13)
  10 golden dragons
  5 pandemonium lords
  Nikola (Elf:1)
  Arachne (Spider:2)
  7 Brimstone Fiends
  2 iron giants (Zig:13)
  4 tentacled monstrosities
  Jorgrun (D:12)
  A Tzitzimitl (Zig:8)
  6 hellephants (Zig:20)
  An Ice Fiend (Zig:8)
  Rupert (D:14)
  A deep elf blademaster (Elf:3)
  5 titans
  A lich (Vaults:5)
  11 searing wretches (Zig:20)
  4 quicksilver dragons
  20 acid blobs
  An ancient champion (Zig:13)
  2 deep elf master archers (Elf:3)
  2 Executioners (Zig:15)
  7 sphinxes
  8 storm dragons
  2 draconian monks (Zig:11)
  13 rockslimes
  2 thorn hunters (Swamp:3)
  4 demonspawn warmongers
  6 shadow dragons
  6 nagarajas (Zig:17)
  17 azure jellies
  5 tengu reavers
  2 fenstrider witches (shapeshifter)
  A revenant (Zig:7)
  A draconian knight (Zig:11)
  5 fire giants
  4 frost giants
  5 ghost moths (Spider:4)
  7 deep elf sorcerers
  9 vault wardens
  2 iron dragons
  2 orc warlords
  4 emperor scorpions (Spider:4)
  6 cacodemons
  8 quicksilver elementals (Zig:13)
  3 draconian stormcallers
  11 balrugs
  A draconian shifter (Zig:11)
  3 war gargoyles (Zig:18)
  4 deep elf elementalists
  4 draconian annihilators
  6 stone giants
  A broodmother (Spider:4)
  3 reapers
  3 demonspawn blood saints
  3 ironbound thunderhulks
  A vampire knight (Zig:7)
  2 bennus (Zig:10)
  4 demonspawn corrupters
  14 ironbound preservers
  9 quicksilver oozes
  4 deep elf demonologists
  2 black draconians (Zig:11)
  An eleionoma (Swamp:2)
  A lorocyproca (Zig:15)
  8 very ugly things
  4 demonspawn black suns
  A red draconian (Zig:11)
  Azrael (Spider:1)
  5 deep elf annihilators
  4 dire elephants (Vaults:2)
  A white draconian (Zig:11)
  6 bunyips
  4 entropy weavers
  A spark wasp (shapeshifter) (Zig:19)
  8 spark wasps
  2 eidola (Zig:7)
  Snorg (Lair:6)
  7 ettins
  5 merfolk javelineers (Zig:14)
  7 fire dragons
  2 blizzard demons (Zig:15)
  2 green deaths
  3 deep elf high priests (Elf:3)
  3 iron golems (Zig:13)
  4 mummy priests
  6 deep elf death magi (Elf:3)
  2 merfolk impalers (Zig:14)
  7 great orbs of eyes
  5 boulder beetles
  4 shambling mangroves
  A quicksilver dragon zombie (Zig:10)
  34 vault guards
  A rakshasa (Depths:1)
  12 salamander tyrants
  4 ice dragons
  7 yaktaur captains
  26 hydras
  2 ghost crabs (Zig:12)
  A spriggan skeleton (Zig:10)
  An anaconda (Zig:17)
  The ghost of Caerwyn the Thaumaturge, a journeyman DsCA of Vehumet (D:10)
  A hell beast (Pan)
  A spriggan air mage (Depths:1)
  7 centaur warriors
  4 ogre magi
  2 demonspawn (Orc:2)
  2 merfolk aquamancers (Zig:14)
  An ironbound frostheart (Vaults:3)
  3 naga warriors (Zig:17)
  An anaconda (shapeshifter) (Zig:18)
  7 death yaks
  2 jorogumos (shapeshifter)
  5 two-headed ogres
  2 catoblepae (Lair:6)
  18 dancing weapons
  A satyr (Zig:14)
  A merfolk avatar (Zig:14)
  4 deep troll earth magi
  5 tengu warriors
  A death scarab (Zig:10)
  3 alligators
  7 deep troll shamans
  A spriggan (Zig:12)
  6 orc high priests (Orc:2)
  3 vampire magi
  Sonja (Lair:5)
  A naga sharpshooter (Zig:17)
  2 spriggan berserkers
  3 sun demons (Pan)
  A fire crab (Lair:6)
  7 soul eaters
  3 skeletal warriors (D:11)
  Nergalle (D:12)
  2 crystal echidnas (Zig:13)
  A fire crab (shapeshifter) (D:15)
  7 iron trolls
  2 sixfirhies
  4 goliath frogs
  A golden dragon zombie (Zig:10)
  A glowing orange brain (Depths:1)
  A hell knight (Zig:19)
  3 pharaoh ants
  11 deep elf knights
  A sun moth (Spider:1)
  14 swamp dragons
  A sea snake (Zig:14)
  A sea snake (shapeshifter) (Zig:19)
  A naga ritualist (Zig:17)
  A flayed ghost (Zig:7)
  15 orb spiders
  2 steelbarb worms
  A golden dragon skeleton (Zig:10)
  3 death drakes
  2 obsidian statues
  2 bog bodies (Zig:12)
  34 deep trolls
  3 lindwurms (Vaults:1)
  4 spriggan druids
  8 deep elf archers
  4 orange crystal statues
  6 wizards
  2 shadow demons
  7 phantasmal warriors
  7 ironbound convokers
  10 orc knights
  19 deep elf pyromancers
  4 necromancers
  3 harpies (Zig:14)
  3 mana vipers (Zig:17)
  26 wolf spiders
  9 orc sorcerers
  25 ugly things
  A wolf spider zombie (D:15)
  20 deep elf zephyrmancers
  A moth of wrath (Spider:1)
  7 manticores
  7 will-o-the-wisps
  6 cyclopes
  A manticore (shapeshifter) (Zig:19)
  A fire giant skeleton (Zig:10)
  24 elephants
  10 shining eyes
  A salamander (Zig:17)
  2 water nymphs (Zig:14)
  4 rust devils
  6 black mambas
  4 eyes of devastation
  7 vault sentinels
  A frost giant skeleton (Vaults:1)
  2 ice statues
  3 merfolk sirens (Zig:14)
  A guardian serpent (shapeshifter) (D:15)
  5 smoke demons
  6 naga magi
  A guardian serpent (Zig:17)
  2 orange demons (Zig:15)
  4 torpor snails
  2 gargoyles
  A centaur skeleton (D:15)
  4 hellions
  11 cane toads
  3 kobold demonologists (D:14)
  An unseen horror (D:12)
  A yaktaur (shapeshifter) (Elf:3)
  A torpor snail (shapeshifter) (Elf:3)
  6 komodo dragons
  A freezing wraith (D:14)
  An efreet (D:11)
  16 yaktaurs
  3 ice devils
  A tengu conjurer (D:9)
  7 rime drakes
  A yaktaur skeleton (Vaults:1)
  6 demonic crawlers
  A red devil (Pan)
  4 guardian mummies
  14 merfolk (Zig:14)
  5 polar bears
  5 tormentors
  12 trolls
  2 wind drakes (Zig:14)
  3 meliai (Spider:4)
  5 tyrant leeches
  A tyrant leech (shapeshifter) (Zig:19)
  A harpy skeleton (D:15)
  A meliai (shapeshifter) (Vaults:5)
  A bloated husk (Swamp:1)
  102 slime creatures
  12 blink frogs
  14 hornets
  28 tarantellas
  29 jumping spiders
  A human simulacrum (Vaults:1)
  17 culicivoras
  A flying skull (Zig:10)
  2 centaur simulacra (D:13)
  A shadow (D:13)
  6 water elementals
  5 air elementals
  3 ynoxinuls
  6 wyverns
  54 yaks
  An ushabti (Zig:5)
  A wraith (D:13)
  A vampire (D:10)
  A fire elemental (Elf:1)
  Eustachio (D:5)
  A golden eye (Slime:5)
  5 large abominations
  A golden eye (shapeshifter) (D:13)
  A neqoxec (Pan)
  3 steam dragons
  A redback (shapeshifter) (Zig:19)
  44 redbacks
  4 wargs
  4 basilisks
  3 vampire mosquitoes (Swamp:2)
  A chaos spawn (Pan)
  A naga (Zig:17)
  5 hell hounds (Spider:1)
  10 swamp worms
  3 acid dragons
  9 water moccasins
  A floating eye (shapeshifter) (Zig:3)
  40 orc warriors
  2 ice beasts
  7 swamp drakes
  2 black bears (Lair:3)
  2 sky beasts (D:7)
  13 ogres
  7 wolves
  3 phantoms
  10 centaurs
  6 kobold brigands
  6 earth elementals
  6 bullfrogs
  A gnoll sergeant (D:11)
  14 scorpions
  10 wights
  An elephant simulacrum (Lair:4)
  9 killer bees
  2 howler monkeys
  3 electric eels
  5 jellies
  2 human zombies (Ossuary)
  5 hounds
  3 gnoll boudas (D:6)
  22 orc priests
  A boggart zombie (D:15)
  An iguana (shapeshifter) (Zig:19)
  7 hell rats (Lair:3)
  4 iguanas
  12 orc wizards
  3 scorpion zombies (Ossuary)
  A boggart skeleton (D:15)
  A boggart simulacrum (D:13)
  10 mummies
  5 adders
  13 gnolls
  A shadow imp (D:4)
  6 white imps
  2 ufetubi
  2 worms
  61 orcs
  3 ball pythons
  5 bats
  An endoplasm (D:2)
  3 giant cockroaches
  2 gnoll zombies (Ossuary)
  3 hobgoblins
  23 kobolds
  7 quokkas
  A frilled lizard (D:3)
  5 goblins
  6 goblin zombies
  2 hobgoblin zombies (Ossuary)
  2 kobold zombies (Ossuary)
  2 orc zombies (Ossuary)
  A quokka zombie (D:4)
  2 rats (D:3)
  5 briar patches (Swamp:3)
  32 fire vortices
  2 starspawn tentacles (Zig:15)
1907 creatures vanquished.

Vanquished Creatures (collateral kills)
  A dread lich (Zig:19)
  An acid blob (Zig:21)
  A titan (Zig:18)
  A sphinx (Vaults:5)
  A frost giant (Vaults:5)
  A nagaraja (Zig:17)
  An iron dragon (Zig:16)
  A vault warden (Vaults:5)
  2 ironbound preservers
  A stone giant (Zig:19)
  A black draconian (Zig:11)
  A yaktaur captain (Zig:19)
  A titan zombie (Zig:5)
  A storm dragon zombie (Zig:5)
  A guardian serpent (Zig:17)
  A merfolk siren (Zig:14)
  A tormentor (Pan)
  A guardian mummy (Zig:10)
  A snapping turtle (Zig:14)
  A warg (Orc:2)
  A centaur (D:8)
  A gnoll (D:6)
  2 orcs (Orc:2)
25 creatures vanquished.

Vanquished Creatures (others)
  A frost giant (Elf:1)
  A steelbarb worm (Spider:1)
  A deep elf zephyrmancer (Elf:1)
  2 bloated husks
  A culicivora (Spider:1)
  An orc warrior (Orc:2)
  An iguana (D:6)
  2 gnolls (D:6)
  A quokka (Depths:2)
  3 demonic plants (Pan)
  466 fire vortices
  11 foxfires
  26 fungi
  33 plants
  3 starspawn tentacles (Zig:15)
553 creatures vanquished.

Grand Total: 2485 creatures vanquished

Notes
Turn   | Place    | Note
-------+----------+-------------------------------------------
     0 | D:1      | PurpleRed the Deep Elf Brigand began the quest for the Orb.
     0 | D:1      | Reached XP level 1. HP: 12/12 MP: 3/3
    81 | D:1      | Reached skill level 1 in Spellcasting
   103 | D:1      | Reached XP level 2. HP: 12/17 MP: 6/6
   140 | D:3      | Reached skill level 2 in Spellcasting
   181 | D:4      | Found a staircase to the Ecumenical Temple.
   190 | Temple   | Entered the Ecumenical Temple
   287 | Temple   | Became a worshipper of Cheibriados the Contemplative
   313 | D:4      | Found a sand-covered staircase.
   335 | Ossuary  | Entered an ossuary
   341 | Ossuary  | Noticed a scorpion
   343 | Ossuary  | Killed a scorpion
   344 | Ossuary  | Reached skill level 4 in Spellcasting
   344 | Ossuary  | Reached XP level 3. HP: 21/21 MP: 8/11
   344 | Ossuary  | Reached XP level 4. HP: 26/26 MP: 8/12
   374 | Ossuary  | Noticed a scorpion
   377 | Ossuary  | Killed a scorpion
   378 | Ossuary  | Reached skill level 5 in Spellcasting
   383 | Ossuary  | Reached XP level 5. HP: 26/30 MP: 13/15
   426 | Ossuary  | Reached skill level 6 in Spellcasting
   449 | Ossuary  | Reached skill level 7 in Spellcasting
   527 | Ossuary  | Reached XP level 6. HP: 9/35 MP: 16/18
   644 | Ossuary  | Reached skill level 8 in Spellcasting
   877 | Ossuary  | Reached * piety under Cheibriados
   929 | Ossuary  | Reached XP level 7. HP: 2/40 MP: 21/21
  1157 | Ossuary  | Reached skill level 9 in Spellcasting
  1233 | Ossuary  | Reached skill level 5 in Dodging
  1439 | D:3      | Found a radiant altar of Vehumet.
  1553 | D:3      | Found a white marble altar of Elyvilon.
  1556 | D:3      | Found a broken altar of Ashenzari.
  1592 | D:3      | Learned a level 4 spell: Iskenderun's Mystic Blast
  1599 | D:3      | Learned a level 6 spell: Starburst
  1785 | D:2      | Reached ** piety under Cheibriados
  1874 | D:2      | Found a faded altar of an unknown god.
  1992 | D:3      | You fall into a shaft and drop 1 floor!
  2035 | D:5      | Entered Level 5 of the Dungeon
  2178 | D:5      | Reached skill level 1 in Conjurations
  2178 | D:5      | Reached skill level 1 in Translocations
  2208 | D:5      | Reached XP level 8. HP: 30/44 MP: 23/23
  2261 | D:5      | Noticed a hornet
  2267 | D:5      | Paralysed by a hornet for 2 turns
  2268 | D:5      | Killed a hornet
  2299 | D:5      | Found a sparkling altar of Nemelex Xobeh.
  2356 | D:5      | Noticed Eustachio
  2566 | D:5      | Found Radgh's Book Emporium.
  2615 | D:5      | Noticed a two-headed ogre
  2855 | D:5      | Killed Eustachio
  2856 | D:5      | Reached skill level 5 in Conjurations
  2884 | D:6      | Found Jueli's Lightly-Used Armoury.
  2886 | D:6      | Reached *** piety under Cheibriados
  2988 | D:6      | Learned a level 3 spell: Ozocubu's Armour
  3000 | D:6      | Reached skill level 10 in Spellcasting
  3014 | D:6      | Reached skill level 1 in Ice Magic
  3018 | D:6      | Reached XP level 9. HP: 11/48 MP: 25/25
  3036 | D:6      | Found a shimmering blue altar of Sif Muna.
  3185 | D:6      | Found an iron altar of Okawaru.
  3185 | D:6      | Found a basalt altar of Yredelemnul.
  3258 | D:7      | Found a hazy altar of Hepliaklqana.
  3258 | D:7      | Found a bloodstained altar of Trog.
  3259 | D:7      | Found an opulent altar of Gozag.
  3303 | D:7      | Reached **** piety under Cheibriados
  3522 | D:7      | Reached skill level 11 in Spellcasting
  3656 | D:8      | Reached XP level 10. HP: 52/56 MP: 23/27
  3675 | D:8      | Found Wiusoc's Jewellery Boutique.
  3731 | D:9      | Found Cene's Antique Armour Shop.
  3739 | D:9      | Bought a pair of dazzling gloves for 228 gold pieces
  3739 | D:9      | Identified the +1 pair of gloves of Soft Rains {rElec MP+9
                  | Int+3} (You bought it in a shop on level 9 of the Dungeon)
  3769 | D:9      | Reached ***** piety under Cheibriados
  3850 | D:9      | Reached skill level 12 in Spellcasting
  3925 | D:9      | Noticed a manticore
  3931 | D:9      | Found the +7 Singing Sword {vorpal, sonic wave}
  3933 | D:9      | Noticed a cyclops
  3948 | D:9      | Noticed a two-headed ogre
  3962 | D:9      | Killed a two-headed ogre
  3963 | D:9      | Reached skill level 1 in Fire Magic
  3969 | D:10     | Entered Level 10 of the Dungeon
  4013 | D:10     | Found a transporter.
  4021 | D:10     | Noticed a centaur warrior
  4021 | D:10     | Noticed Caerwyn's ghost (journeyman DsCA)
  4022 | D:10     | Found a transporter.
  4181 | D:10     | Found a staircase to the Orcish Mines.
  4289 | D:11     | Reached XP level 11. HP: 58/61 MP: 29/29
  4382 | Orc:1    | Entered Level 1 of the Orcish Mines
  4407 | Orc:1    | Reached skill level 13 in Spellcasting
  4407 | Orc:1    | Reached skill level 10 in Conjurations
  4445 | Orc:1    | Reached skill level 5 in Stealth
  4456 | Orc:1    | Noticed an orc sorcerer
  4473 | Orc:1    | Killed an orc sorcerer
  4484 | Orc:1    | Reached ****** piety under Cheibriados
  4503 | Orc:1    | Noticed an orc knight
  4528 | Orc:1    | HP: 1/85 [orc knight/+0 battleaxe (17)]
  4535 | Orc:1    | Killed an orc knight
  4627 | Orc:1    | You fall into a shaft and drop 1 floor!
  4627 | Orc:2    | Entered Level 2 of the Orcish Mines
  4627 | Orc:2    | Noticed an orc high priest
  4629 | Orc:2    | Noticed an orc sorcerer
  4629 | Orc:2    | Noticed an orc knight
  4630 | Orc:2    | Found Witich's General Store.
  4630 | Orc:2    | Found Xihu Gaa's Distillery.
  4630 | Orc:2    | Noticed an orc knight
  4699 | Orc:1    | Noticed an orc warlord
  4699 | Orc:1    | Noticed an orc sorcerer
  4707 | Orc:2    | Reached skill level 5 in Fire Magic
  4792 | Orc:2    | Noticed an orc warlord
  4819 | Orc:2    | Noticed an orc knight
  4831 | Orc:2    | Killed an orc knight
  4923 | Orc:1    | Killed an orc sorcerer
  4934 | Orc:1    | Reached skill level 5 in Invocations
  4975 | D:10     | Noticed a two-headed ogre
  4985 | D:10     | Killed a two-headed ogre
  5492 | D:8      | Found a staircase to the Lair.
  5546 | D:8      | Reached XP level 12. HP: 34/66 MP: 26/31
  5622 | D:8      | Found a sacrificial altar of Ru.
  5661 | D:8      | Bought the ring "Torurol" {rPois rC+ rN+ Will+ Dex-2} for
                  | 594 gold pieces
  5693 | Lair:1   | Entered Level 1 of the Lair of Beasts
  5925 | Lair:3   | Reached skill level 5 in Short Blades
  5930 | Lair:3   | Identified the +9 dagger "Dragonbane" {freeze, *Corrode
                  | Dex+4 SInv Stlth+}
  5945 | Lair:2   | You fall into a shaft and drop 2 floors!
  6015 | Lair:2   | Reached skill level 5 in Fighting
  6030 | Lair:2   | Noticed a boulder beetle
  6040 | Lair:2   | Killed a boulder beetle
  6137 | Lair:2   | Found a staircase to the Swamp.
  6198 | Lair:2   | Identified the +5 leather armour of a volcano {Str+5}
  6277 | Lair:3   | Noticed a death yak
  6295 | Lair:3   | Killed a death yak
  6336 | Lair:3   | Noticed a five-headed hydra
  6344 | Lair:3   | Killed a five-headed hydra
  6368 | Lair:3   | Noticed a seven-headed hydra
  6370 | Lair:3   | Reached skill level 10 in Dodging
  6377 | Lair:3   | Killed a seven-headed hydra
  6382 | Lair:3   | Reached XP level 13. HP: 63/74 MP: 21/32
  6549 | Lair:4   | Found a runed translucent door.
  6646 | Lair:4   | Found a hole to the Spider Nest.
  6774 | Lair:6   | Entered Level 6 of the Lair of Beasts
  6790 | Lair:6   | Reached skill level 10 in Fire Magic
  6796 | Lair:6   | Reached skill level 1 in Armour
  6809 | Lair:6   | Reached skill level 14 in Spellcasting
  6871 | Lair:6   | Found a viscous altar of Jiyva.
  6871 | Lair:6   | Found a staircase to the Slime Pits.
  6949 | Lair:6   | Noticed Snorg
  6956 | Lair:6   | Killed Snorg
  7048 | Lair:5   | Noticed Sonja
  7050 | Lair:5   | Killed Sonja
  7082 | Lair:6   | Reached XP level 14. HP: 79/82 MP: 22/34
  7187 | Lair:6   | Reached skill level 15 in Spellcasting
  7348 | Lair:6   | Reached skill level 5 in Armour
  7399 | Lair:6   | Got the Directory of the Dark Blaze
  7440 | Lair:6   | Reached skill level 16 in Spellcasting
  7746 | D:5      | Bought a book of Fire for 528 gold pieces
  7752 | D:5      | Learned a level 5 spell: Fireball
  7758 | D:5      | Learned a level 5 spell: Borgnjor's Vile Clutch
  7928 | Orc:1    | Killed an orc warlord
  7929 | Orc:1    | Reached skill level 1 in Necromancy
  7929 | Orc:1    | Reached skill level 1 in Earth Magic
  8299 | Orc:2    | Bought a scroll of fear for 42 gold pieces
  8301 | Orc:2    | Bought a potion of heal wounds for 70 gold pieces
  8301 | Orc:2    | Bought a potion of heal wounds for 70 gold pieces
  8301 | Orc:2    | Bought a potion of might for 56 gold pieces
  8329 | Orc:2    | Found a staircase to the Elven Halls.
  8513 | Orc:2    | Reached skill level 17 in Spellcasting
  8528 | Orc:2    | Reached skill level 5 in Necromancy
  8556 | Orc:2    | Found Rulluur's Book Emporium.
  8556 | Orc:2    | Found a one-way gate leading to the halls of Pandemonium.
  8556 | Orc:2    | Found Keges's Antique Armour Shoppe.
  8562 | Orc:2    | Upgraded the game from 0.29-a0-821-g6639535 to
                  | 0.29-a0-823-gc37b157
  8739 | D:11     | Reached skill level 5 in Earth Magic
  8767 | D:12     | Noticed Nergalle
  8770 | D:12     | Killed Nergalle
  8785 | D:12     | Found Besh's Jewellery Boutique.
  8799 | D:12     | Noticed Jorgrun
  8807 | D:12     | Killed Jorgrun
  8808 | D:12     | Reached XP level 15. HP: 71/86 MP: 19/38
  8994 | D:13     | Found a gate to the Vaults.
  9006 | D:13     | Reached skill level 18 in Spellcasting
  9123 | D:13     | Found a runed translucent door.
  9156 | D:13     | Found a runed translucent door.
  9168 | D:13     | Found a runed translucent door.
  9222 | D:13     | Found a runed translucent door.
  9295 | D:14     | Noticed Rupert
  9350 | D:13     | Identified the +1 pair of gloves of the Guilds {rPois Will+
                  | Int+3}
  9450 | D:14     | Identified the +4 longbow "Ogrithruirch" {speed, Str+4}
  9482 | D:14     | Identified the +8 scale mail of Wariness {rElec rC+ Str+4
                  | Slay+2}
  9563 | D:14     | Killed Rupert
  9619 | D:15     | Entered Level 15 of the Dungeon
  9865 | D:15     | Got Utwad's Catalogue of Damaging Grit
 10065 | D:15     | Found a staircase to the Depths.
 10135 | D:15     | Learned a level 8 spell: Ignition
 10262 | Elf:1    | Entered Level 1 of the Elven Halls
 10365 | Elf:1    | Noticed a frost giant
 10375 | Elf:1    | Killed a frost giant
 10413 | Elf:1    | Reached XP level 16. HP: 92/92 MP: 35/40
 10449 | Elf:1    | Noticed Nikola
 10542 | Elf:1    | Paralysed by an air elemental for 1 turns
 10546 | Elf:1    | Killed Nikola
 10792 | Elf:3    | Entered Level 3 of the Elven Halls
 10879 | Elf:3    | Reached skill level 15 in Fire Magic
 10987 | Elf:2    | Found an ancient bone altar of Kikubaaqudgha.
 11545 | Elf:3    | Noticed a deep elf master archer
 11548 | Elf:3    | Killed a deep elf master archer
 11587 | Elf:3    | Identified the +5 quarterstaff "Edda" {venom, Str+4}
 11587 | Elf:3    | Identified the +8 chain mail "Hicidema" {rN+ Str+3}
 11598 | Elf:3    | Paralysed by an air elemental for 1 turns
 11601 | Elf:3    | Identified the +10 longbow of Ywokovin {vorpal, Fragile rC-
                  | rN+++ Stlth+}
 11602 | Elf:3    | Paralysed by an air elemental for 1 turns
 11677 | Elf:3    | Found Vam Pup's Weapon Emporium.
 11867 | Elf:3    | Identified the +5 scale mail "Ofyxuime" {+Inv Str+5}
 11867 | Elf:3    | Noticed a deep elf master archer
 11874 | Elf:3    | Killed a deep elf master archer
 11882 | Elf:3    | Noticed a deep elf blademaster
 11889 | Elf:3    | Killed a deep elf blademaster
 11982 | Elf:3    | Got the Spellbook of the Deathly Wayfarer
 12212 | Elf:1    | Reached XP level 17. HP: 79/96 MP: 41/41
 12286 | Orc:2    | Bought a book of Blood for 448 gold pieces
 12289 | Orc:2    | Learned a level 2 spell: Sublimation of Blood
 12425 | D:10     | Killed Caerwyn's ghost
 12429 | D:10     | Identified the amulet of Woretom {Reflect Will- Dex+4 SH+5}
 12578 | Swamp:1  | Entered Level 1 of the Swamp
 12640 | Swamp:1  | Identified Roxanne's Atlas of the Rocks
 12640 | Swamp:1  | Noticed Roxanne
 12771 | Swamp:4  | Entered Level 4 of the Swamp
 12938 | Swamp:4  | Noticed a tentacled monstrosity
 12948 | Swamp:4  | Killed a tentacled monstrosity
 12983 | Swamp:4  | Noticed the 27-headed Lernaean hydra
 12988 | Swamp:4  | Killed the 27-headed Lernaean hydra
 13069 | Swamp:4  | Got a decaying rune of Zot
 13236 | Swamp:2  | Reached skill level 19 in Spellcasting
 13359 | Spider:1 | Entered Level 1 of the Spider Nest
 13489 | Spider:2 | Noticed Arachne
 13495 | Spider:1 | Reached XP level 18. HP: 66/101 MP: 43/43
 13546 | Spider:1 | Reached skill level 20 in Spellcasting
 13559 | Spider:1 | Reached skill level 15 in Conjurations
 13679 | Spider:2 | Killed Arachne
 13902 | Spider:4 | Entered Level 4 of the Spider Nest
 14039 | Spider:4 | Reached skill level 21 in Spellcasting
 14316 | Spider:4 | Got a gossamer rune of Zot
 14471 | Spider:1 | Noticed Azrael
 14477 | Spider:1 | Killed Azrael
 14585 | Slime:1  | Entered Level 1 of the Pits of Slime
 14638 | Slime:1  | Reached skill level 22 in Spellcasting
 14679 | Slime:2  | Reached XP level 19. HP: 99/105 MP: 40/47
 14705 | Slime:5  | Entered Level 5 of the Pits of Slime
 14734 | Slime:3  | You fall into a shaft and drop 1 floor!
 14794 | Slime:5  | Noticed the Royal Jelly
 14799 | Slime:5  | Killed the Royal Jelly
 14863 | Slime:5  | Reached skill level 23 in Spellcasting
 14878 | Slime:5  | Identified the +2 leather armour of Kikubaaqudgha, Hugging
                  | {Int+4}
 14887 | Slime:5  | Identified the amulet "Ophul" {RegenMP Int+5}
 14907 | Slime:5  | Found the +7 mace of Variability {chain chaos}
 14924 | Slime:5  | Got a slimy rune of Zot
 14925 | Slime:5  | Identified the +1 whip "Koymow" {holy, rElec}
 14945 | Slime:5  | Identified the +1 chain mail of Apathy {rF+ MP+9 Slay+2
                  | Stlth+}
 14954 | Slime:5  | Identified the +1 chain mail "Jaihev" {rElec rN++}
 15014 | Slime:5  | Gained mutation: Armour fits poorly on your strangely
                  | shaped body. [a shining eye]
 15419 | Orc:2    | Bought Pede's Discourse on Combustion for 768 gold pieces
 15429 | Orc:2    | Learned a level 9 spell: Fire Storm
 15462 | Orc:2    | Bought a potion of brilliance for 56 gold pieces
 15527 | D:10     | Upgraded the game from 0.29-a0-823-gc37b157 to
                  | 0.29-a0-824-gd827844
 15582 | Vaults:1 | Entered Level 1 of the Vaults
 15995 | Vaults:2 | Reached skill level 24 in Spellcasting
 16259 | Vaults:4 | Reached XP level 20. HP: 106/111 MP: 42/50
 16406 | Vaults:5 | Entered Level 5 of the Vaults
 16409 | Vaults:5 | Reached skill level 25 in Spellcasting
 16421 | Vaults:5 | Noticed a golden dragon
 16423 | Vaults:5 | Killed a golden dragon
 16429 | Vaults:5 | Noticed a dread lich
 16473 | Vaults:5 | Killed a dread lich
 16620 | Vaults:5 | Found Plog's Magic Scroll Boutique.
 16624 | Vaults:5 | Bought a scroll of magic mapping for 66 gold pieces
 16628 | Vaults:5 | Found Muin's Distillery.
 16632 | Vaults:5 | Bought a potion of brilliance for 84 gold pieces
 16632 | Vaults:5 | Bought a potion of heal wounds for 105 gold pieces
 16667 | Vaults:5 | Found Kanowk's Magic Scroll Boutique.
 16673 | Vaults:5 | Bought a scroll of blinking for 157 gold pieces
 16722 | Vaults:5 | Identified the +8 chain mail of Wariness {rF- Str+5}
 16774 | Vaults:5 | Identified a scroll of acquirement
 16776 | Vaults:5 | Got Sif Muna's Guidebook on Mortuary Permutations
 16778 | Vaults:5 | Acquired the ring of the Empire {rPois Will+ Int+6}
 16813 | Vaults:5 | Identified the +8 flail "Baogeiw" {vorpal, rF- Will- Str+2
                  | Int+8}
 16832 | Vaults:5 | Identified the +1 crystal plate armour of Precision
                  | Catastrophes {rCorr Stlth+}
 16837 | Vaults:5 | Identified the amulet "Osiumn" {Faith rC++ Regen+ Int+3}
                  | (You took it off a yaktaur captain on level 5 of the
                  | Vaults)
 16842 | Vaults:5 | Identified the +3 dagger of Imminent Death {freeze, rPois
                  | Str+4 Dex+7}
 16863 | Vaults:5 | Noticed a golden dragon
 16868 | Vaults:5 | Killed a golden dragon
 16989 | Vaults:5 | Identified the +1 ring mail of Avuk {Dex+4}
 17075 | Vaults:5 | Reached skill level 26 in Spellcasting
 17075 | Vaults:5 | Reached XP level 21. HP: 67/115 MP: 53/53
 17082 | Vaults:5 | Got a silver rune of Zot
 17438 | Depths:1 | Entered Level 1 of the Depths
 17438 | Depths:1 | Found a one-way gate to the infinite horrors of the Abyss.
 17484 | Depths:1 | Found a one-way gateway to a ziggurat.
 17515 | Depths:1 | Reached skill level 27 in Spellcasting
 17515 | Depths:1 | Reached skill level 1 in Shields
 17587 | Zig:1    | Entered Level 1 of a ziggurat
 17601 | Zig:2    | Entered Level 2 of a ziggurat
 17615 | Zig:2    | Got the Tractate on Freezing Grit
 17621 | Zig:3    | Entered Level 3 of a ziggurat
 17652 | Zig:4    | Entered Level 4 of a ziggurat
 17665 | Zig:4    | Identified the +5 sling of Foanteug {vorpal, Dex+3}
 17672 | Zig:4    | Identified the +1 scale mail of Charmed the Good {Rampage
                  | rC- Stlth+}
 17675 | Zig:5    | Entered Level 5 of a ziggurat
 17723 | Zig:5    | Reached XP level 22. HP: 109/120 MP: 52/55
 17731 | Zig:6    | Entered Level 6 of a ziggurat
 17740 | Zig:6    | Noticed Ruosch the pandemonium lord
 17741 | Zig:6    | Killed Ruosch the pandemonium lord
 17754 | Zig:6    | Identified the +1 ring mail "Sucuph" {Int+3}
 17757 | Zig:7    | Entered Level 7 of a ziggurat
 17778 | Zig:7    | Identified the +2 sling "Pahattug" {flame, *Slow rCorr
                  | Str+10}
 17782 | Zig:8    | Entered Level 8 of a ziggurat
 17790 | Zig:8    | Noticed Rikod the pandemonium lord
 17791 | Zig:8    | Killed Rikod the pandemonium lord
 17802 | Zig:8    | Identified the +10 rapier of the Smoking Scorpion {freeze,
                  | rF+ Int+2 Dex+2}
 17808 | Zig:8    | Identified the +8 battleaxe of Yvujosch {drain, rC+ MP+9
                  | Str-5 SInv}
 17818 | Zig:9    | Entered Level 9 of a ziggurat
 17829 | Zig:9    | Reached skill level 10 in Earth Magic
 17844 | Zig:9    | Identified the +2 war axe "Uschumno" {vorpal, rN+}
 17849 | Zig:9    | Identified the +6 leather armour of Oblivion {Dex+6 Slay-6}
 17856 | Zig:10   | Entered Level 10 of a ziggurat
 17865 | Zig:10   | Noticed a royal mummy
 17868 | Zig:10   | Killed a royal mummy
 17907 | Zig:10   | Reached skill level 5 in Shields
 17907 | Zig:10   | Reached XP level 23. HP: 59/128 MP: 45/56
 17909 | Zig:10   | Reached XP level 24. HP: 66/135 MP: 47/56
 17915 | Zig:10   | Identified the +4 shortbow of Magnificence {speed, rC+
                  | Str+2}
 17921 | Zig:10   | Identified the ring "Vem Siha" {rElec rCorr Str+3}
 17941 | Zig:11   | Entered Level 11 of a ziggurat
 17980 | Zig:11   | Identified the +1 pair of boots of Satisfaction {Str+4}
 17996 | Zig:12   | Entered Level 12 of a ziggurat
 18007 | Zig:12   | Reached XP level 25. HP: 140/140 MP: 56/56
 18007 | Zig:12   | Found the +4 skin of Zhor {*Englaciate rC+++ SInv}
 18007 | Zig:12   | Found the +3 pair of seven-league boots {Rampage+∞}
 18016 | Zig:12   | Identified the amulet "Gec Sapi" {Faith Dex+4}
 18029 | Zig:12   | Reached XP level 26. HP: 145/145 MP: 56/56
 18046 | Zig:13   | Entered Level 13 of a ziggurat
 18096 | Zig:13   | Identified the +8 flail of Rubbish {venom, Will- rCorr
                  | Str+2}
 18122 | Zig:13   | Learned a level 6 spell: Iron Shot
 18151 | Zig:13   | Identified the +3 mace of Reason {venom, Will- rCorr Str+9}
 18157 | Zig:13   | Identified the +10 plate armour "Coif" {rC+ rCorr Dex+2
                  | Slay+6}
 18162 | Zig:13   | Got Ozxosuss's Secrets of the Tuna
 18163 | Zig:13   | Identified the ring "Hoylup Boorr" {EV+4 Int+5}
 18173 | Zig:14   | Entered Level 14 of a ziggurat
 18181 | Zig:14   | Reached skill level 10 in Fighting
 18228 | Zig:14   | Identified the +1 ring mail of the Ten Invaders {-Cast Fly
                  | rCorr}
 18231 | Zig:14   | Reached skill level 15 in Earth Magic
 18231 | Zig:14   | Reached XP level 27. HP: 152/152 MP: 56/56
 18234 | Zig:14   | Identified the +8 shortbow of the Establishment {speed,
                  | rPois Str+3 Int+2 Stlth-}
 18235 | Zig:14   | Identified the ring "Fycuyreqix" {rPois rN+ Int-2 Dex+3}
 18236 | Zig:14   | Identified the amulet of the Coward {Spirit Will++ Dex-2}
 18238 | Zig:14   | Identified the +0 robe of Xenoq {-Tele rN+++ rCorr Int-4}
 18240 | Zig:14   | Identified the +5 ring mail of Feasting {*Slow rF- rCorr
                  | Int+9}
 18258 | Zig:15   | Entered Level 15 of a ziggurat
 18278 | Zig:15   | Noticed Otwyb the pandemonium lord
 18280 | Zig:15   | Killed Otwyb the pandemonium lord
 18308 | Zig:15   | Identified the +10 halberd of Dissatisfaction {holy, *Noise
                  | rElec rN+++ Str-3}
 18323 | Zig:15   | Got Fargh's Commentary on Intoxication and Ozone
 18333 | Zig:16   | Entered Level 16 of a ziggurat
 18372 | Zig:16   | Identified the amulet of Kofeg {Acrobat Will+ MP+9}
 18374 | Zig:16   | Identified the ring "Fodul" {rPois rC+}
 18389 | Zig:16   | Identified the +8 lajatang "Agaejaj" {vorpal, rCorr SInv}
 18401 | Zig:17   | Entered Level 17 of a ziggurat
 18437 | Zig:17   | HP: 5/152 [salamander tyrant/flame surge (4)]
 18464 | Zig:17   | Identified the +5 war axe of Yrudolua {freeze, rCorr Int-3
                  | SInv Stlth+}
 18467 | Zig:17   | Identified the +5 halberd "Qehy" {vorpal, Str+6 Dex-2}
 18473 | Zig:17   | Identified the +0 ring mail of Gestures {rElec rC- Regen+
                  | SInv}
 18488 | Zig:17   | Identified the +2 long sword of the Spectre {flame, rF+
                  | rN+++ Str+3 Dex-4}
 18490 | Zig:17   | Identified the +2 spear "Gores" {venom, rF- rN+ Int+4 SInv}
 18497 | Zig:18   | Entered Level 18 of a ziggurat
 18510 | Zig:18   | Noticed an ancient lich
 18511 | Zig:18   | Noticed a dread lich
 18511 | Zig:18   | Noticed an ancient lich
 18512 | Zig:18   | Killed a dread lich
 18512 | Zig:18   | Killed an ancient lich
 18513 | Zig:18   | Killed an ancient lich
 18514 | Zig:18   | Noticed a dread lich
 18515 | Zig:18   | Noticed an ancient lich
 18516 | Zig:18   | Killed an ancient lich
 18516 | Zig:18   | Killed a dread lich
 18519 | Zig:18   | Found the +12 glaive of Prune {vorpal}
 18553 | Zig:19   | Entered Level 19 of a ziggurat
 18564 | Zig:19   | Noticed an ancient lich
 18564 | Zig:19   | Noticed a dread lich
 18566 | Zig:19   | Killed an ancient lich
 18568 | Zig:19   | Killed a dread lich
 18583 | Zig:19   | Killed a dread lich
 18604 | Zig:19   | Found the +0 mask of the Dragon {Will+ Slay+3 SInv}
 18610 | Zig:19   | Identified the ring "Xofupuu" {Drain rN+ Will+++ MP+9 SInv}
 18636 | Zig:19   | Got the Papyrus of Harmful Grit
 18641 | Zig:19   | Identified the +11 shortbow "Xemuigy" {vorpal, rElec rPois
                  | Dex-3}
 18655 | Zig:19   | Lost mutation: Armour fits poorly on your strangely shaped
                  | body. [potion of mutation]
 18655 | Zig:19   | Gained mutation: You occasionally lose the ability to drink
                  | potions when taking damage. [potion of mutation]
 18656 | Zig:19   | Lost mutation: You occasionally lose the ability to drink
                  | potions when taking damage. [potion of mutation]
 18656 | Zig:19   | Gained mutation: Your spells are a little harder to cast,
                  | but a little more powerful. [potion of mutation]
 18667 | Zig:19   | Learned a level 9 spell: Polar Vortex
 18669 | Zig:20   | Entered Level 20 of a ziggurat
 18686 | Zig:20   | Reached skill level 5 in Ice Magic
 18693 | Zig:20   | Noticed an ancient lich
 18695 | Zig:20   | Killed an ancient lich
 18732 | Zig:20   | Identified the ring of Huw Hupo {rF+ rC+ Will- Slay+4}
 18735 | Zig:20   | Identified the +8 scale mail "Fithaop" {rF+ rCorr Str+2}
 18739 | Zig:20   | Identified the +1 robe "Wumuirr" {+Inv Dex-5 Stlth+}
 18752 | Zig:20   | Got the Handbook of the Changed Snowflakes
 18754 | Zig:20   | Identified the +2 pair of gloves of Jiac {Will+}
 18767 | Zig:20   | Identified the +2 buckler of the Candlemaker {Harm Dex+3}
 18772 | Zig:21   | Entered Level 21 of a ziggurat
 18818 | Zig:21   | Found the +8 Vampire's Tooth {vamp}
 18821 | Zig:21   | Identified the +2 cloak of Inviolability {Will+ Regen+}
 18845 | Zig:21   | Got the Directory of Earth
 18851 | Zig:21   | Reached skill level 15 in Ice Magic
 18852 | Zig:21   | Identified the amulet of Itoyq {RegenMP Str-5 Dex+4 Slay+3}
 18856 | Zig:21   | Identified the +1 leather armour "Vougeivi" {rF+ Dex-5
                  | Slay+2}
 18861 | Zig:21   | Identified the amulet of Leaves {Acrobat Fly rC- rCorr}
 18886 | Zig:21   | Learned a level 8 spell: Lehudib's Crystal Spear
 19010 | Depths:2 | Found a gateway to Hell.
 19130 | Depths:1 | Learned a level 1 spell: Apportation
 19131 | Pan      | Entered Pandemonium
 19144 | Pan      | Noticed Haneikism the pandemonium lord
 19150 | Pan      | Killed Haneikism the pandemonium lord
 19228 | Pan      | Learned a level 2 spell: Passwall
 19317 | Pan      | Noticed Yciorhou the pandemonium lord
 19324 | Pan      | Killed Yciorhou the pandemonium lord
 19338 | Pan      | Gained mutation: Your magical capacity is low. (-10% MP) [a
                  | cacodemon]
 19341 | Pan      | Killed from afar by a demonspawn blood saint

Illustrated notes

Levels and vault maps discovered:
D:1:      lightli_arrival_flooded_house, layout_loops_cross
D:2:      layout_loops_ring, basic_ecumenical_altar, minmay_pentomino_q2
D:3:      layout_loops_ring, vehumet_altar_wand_db,
          mainiacjoe_overflow_big_doors
D:4:      layout_rooms, minmay_temple_entry_glass, enter_ossuary_4,
          kennysheep_generic_room_15
D:5:      layout_loops_ring, nemelex_spade_bored_becter, serial_shops, shop,
          uniq_eustachio
D:6:      layout_cave_pools, gammafunk_temple_overflow_statue,
          mainiacjoe_overflow_chevrons, gup_sewer_entry_bubbles,
          minmay_shop_damaged
D:7:      layout_gridville, gammafunk_temple_overflow_claw,
          dreamdust_gnoll_shepherd
D:8:      layout_gridville, nicolae_ru_awakened_eye, david_lair_generic,
          serial_bayou_ford_a, kennysheep_windowed_goal
D:9:      layout_cave_pools, serial_shops, shop, chequers_arboretum,
          minmay_diamond_spiral
D:10:     layout_irregular_city, david_orc_3, gammafunk_ghost_arena, minivault_1
D:11:     layout_roguey, uniq_erica
D:12:     layout_rooms, serial_shops, kennysheep_mini_moat, serial_park_tiny_2,
          dk_noncrumbling_4, uniq_nergalle, uniq_jorgrun
D:13:     layout_cave_pools, erik_vaults_2, serial_ice, serial_ice_n,
          serial_ice_h, serial_ice_i, serial_ice_o, serial_ice_m, serial_ice_a,
          minmay_statue_crystal_thing
D:14:     layout_loops_cross, uniq_rupert
D:15:     grunt_enter_depths_magical_seal, layout_rooms,
          amcnicky_mini_rare_corridor_liquid
Temple:   jpeg_temple_clearing
Lair:1:   layout_roguey, st_stairs_10, lemuel_old_faithful, uniq_amaemon
Lair:2:   layout_cellular_growth, minmay_swamp_entry_reptiles, special_room
          [special_room_bee], nzn_sisyphean_effort, infiniplex_staircase_pool_2
Lair:3:   layout_long_grid, beast_lair_carwin_2
Lair:4:   layout_regular_city, nicolae_spider_entry_orb_guardian,
          portal_ice_cave_entry_ice_simulacra, pf_torpor_hydra,
          serial_bayou_shore_b, serial_bayou_shore_a
Lair:5:   layout_cave_pods, uniq_sonja
Lair:6:   grunt_lair_end_beastmaster, layout_loops_ring,
          dpeg_slime_entry_enclosed, grunt_megastairs_3, uniq_snorg
Swamp:1:  layout_basic_swamp, hangedman_swamp_ruin_hall, swamp_pool4,
          nicolae_swamp_treefoil, uniq_roxanne
Swamp:2:  layout_basic_swamp, serial_swamp_ruin, evilmike_swamp_ruin_house_6,
          evilmike_swamp_ruin_house_1, swamp_pool4, st_swamp_mini
Swamp:3:  nzn_winding_woodlands_small [nzn_winding_woodlands_5x15_crooked,
          nzn_winding_woodlands_center_triple_pond,
          nzn_winding_woodlands_5x15_cabin], layout_basic_swamp,
          hangedman_swamp_blocks, swamp_pool2
Swamp:4:  swamp_old_school, layout_basic_swamp, swamp_pool1,
          cheibrodos_swamp_pet_leeches, infiniplex_staircase_pool
Spider:1: layout_cave_pods, uniq_azrael
Spider:2: layout_spider_delve, nicolae_arachne_temple
Spider:3: layout_spider_delve
Spider:4: spider_rune_water
Slime:1:  layout_caves
Slime:2:  layout_caves
Slime:3:  layout_caves, basic_altar
Slime:4:  layout_caves
Slime:5
Orc:1:    layout_diamond_mine, mines4_lemuel
Orc:2:    pf_orc_diabolical, layout_diamond_mine
Elf:1:    layout_rooms, portal_desolation_entry_nicolae_slug,
          minmay_elf_crystal_heptagon, dilly_guarded_unrand_elemental_staff,
          uniq_nikola
Elf:2:    nicolae_elf_blades_crystal_corner, layout_gridlike, basic_altar
Elf:3:    minmay_elf_hall_statues, layout_gridlike, serial_shops, shop,
          dreamdust_mushroom_princess, uniq_louise
Vaults:1: nicolae_vaults_stairing_the_circle, v_misc_30,
          ontoclasm_vaults_ring_square, v_pattern_1, grunt_vaults_funnel,
          vaults_dpeg_cross, v_misc_3, v_misc_19, layout_vaults_omnicross
Vaults:2: vaults_dpeg_hooks, vaults_mumra_hexcomb, v_rooms_5,
          vaults_dpeg_encased_lava, vaults_standard_mumra_lines,
          ontoclasm_vaults_twist, nicolae_vaults_alarming, vaults_room_fours,
          nicolae_vaults_theta, nicolae_vaults_shelves_hall, vaults_room_grid,
          grunt_vaults_hallway_short, layout_vaults_omnibox
Vaults:3: ontoclasm_vaults_pinch, nicolae_vaults_twisting_passages, v_pattern_3,
          hangedman_vaults_river_flow, v_rooms_1, nicolae_vaults_murderbox,
          hangedman_vaults_slice, ontoclasm_vaults_hangar,
          nicolae_vaults_asterisk, v_misc_24, v_misc_29,
          nicolae_vaults_angled_halls, layout_vaults_ring,
          minmay_crypt_entry_simple_statues
Vaults:4: nicolae_vaults_shelves_hall, v_rooms_3,
          nicolae_vaults_windows_and_doors_thing, hangedman_vaults_trim,
          vaults_room_stairs_pillars, grunt_vaults_swirl, v_misc_5,
          nicolae_vaults_angled_halls, v_misc_27, layout_vaults_quadrants
Vaults:5: serial_shops
Depths:1: layout_cave_shapes, enter_ziggurat_c, grunt_pan_entry_spiral,
          abyss_entry, grunt_hell_horde, lightli_minifort
Depths:2: little_maze_vault, layout_basic, grunt_hell_entry_dis_old,
          serial_shops, shop_statue, rand_demon_pan_entry_9, elyvilon_altar_4
Pan:      grunt_pan_pentagram, layout_basic, nicolae_pan_mnolegish_3,
          pan_disco_hall, layout_pan_divisions_a [pan_division_quadrant_a5,
          pan_division_quadrant_a6, pan_division_quadrant_a4,
          pan_division_quadrant_a6, pan_division_octagon_divided]

Skill      XL: |  1  2  3  4  5  6  7  8  9 10 11 12 13 14 15 16 17 18 19 20 21 22 23 24 25 26 27 |
---------------+----------------------------------------------------------------------------------+-----
Spellcasting   | 1 4 5 7 8 9 10 11 12 13 14 17 18 19 22 24 26 27 | 27.0
Fighting       | 2 3 4 6 7 8 9 10 | 10.0
Dodging        | 3 5 6 8 10 12 14 | 14.0
Conjurations   | 1 7 8 9 10 12 14 17 19 20 21 | 21.0
Translocations | 1 3 |  3.0
Ice Magic      | 1 3 18 | 18.1
Short Blades   | 3 4 6 8 |  8.0
Fire Magic     | 3 6 8 10 13 18 20 21 | 21.0
Stealth        | 7 8 |  8.0
Invocations    | 6 7 8 |  8.0
Armour         | 4 6 |  6.0
Necromancy     | 6 |  6.0
Earth Magic    | 5 6 8 11 12 13 15 22 | 22.2
Shields        | 3 5 6 |  6.0
Throwing       | |  2.0

Action                   |  1- 3 |  4- 6 |  7- 9 | 10-12 | 13-15 | 16-18 | 19-21 | 22-24 | 25-27 || total
-------------------------+-------+-------+-------+-------+-------+-------+-------+-------+-------++-------
Melee: Dagger            |    28 |   140 |   203 |       |   110 |    87 |    10 |       |       ||   578
       Punch             |     1 |     2 |     1 |     3 |     9 |     3 |     1 |       |       ||    20
       Rapier            |       |       |   106 |   366 |   504 |    21 |       |       |       ||   997
       Staff             |       |       |       |       |       |    36 |    24 |       |       ||    60
Throw: Dart              |     3 |    20 |    37 |    26 |    19 |    12 |       |       |       ||   117
       Boomerang         |       |    13 |    79 |    47 |    15 |     5 |       |       |       ||   159
 Cast: Iskenderun's Myst |       |       |    15 |    54 |    17 |    36 |    32 |       |    13 ||   167
       Ozocubu's Armour  |       |       |     2 |    26 |    35 |     6 |       |       |       ||    69
       Starburst         |       |       |       |    17 |    84 |    83 |    28 |       |     2 ||   214
       Borgnjor's Vile C |       |       |       |       |    39 |    50 |     3 |       |       ||    92
       Fireball          |       |       |       |       |    31 |   191 |    73 |     1 |     4 ||   300
       Ignition          |       |       |       |       |       |    69 |    53 |       |     1 ||   123
       Sublimation of Bl |       |       |       |       |       |    48 |    42 |     6 |    38 ||   134
       Fire Storm        |       |       |       |       |       |       |    88 |    35 |   144 ||   267
       Iron Shot         |       |       |       |       |       |       |       |       |    16 ||    16
       Lehudib's Crystal |       |       |       |       |       |       |       |       |    16 ||    16
       Passwall          |       |       |       |       |       |       |       |       |     1 ||     1
Invok: Slouch            |       |       |       |     4 |     3 |     3 |       |       |     7 ||    17
Evoke: Wand              |       |       |     5 |     7 |    15 |     3 |       |       |       ||    30
  Use: Potion            |       |     4 |     4 |     5 |     2 |     2 |     4 |     2 |    21 ||    44
       Scroll            |       |     3 |    11 |     9 |     3 |     8 |    10 |       |    14 ||    58
 Stab: Sleeping          |     4 |     2 |    12 |    16 |    26 |    11 |     4 |       |       ||    75
       Distracted        |       |       |       |       |     2 |     2 |       |       |       ||     4
Armor: Robe              |     8 |    14 |     5 |       |       |       |       |       |       ||    27
       Ring mail         |       |       |    52 |       |       |       |       |       |       ||    52
       Leather armour    |       |       |    30 |    10 |       |       |       |       |       ||    40
       Troll leather arm |       |       |       |    75 |   122 |    70 |    20 |       |    13 ||   300
       Skin              |       |       |       |    15 |       |       |       |       |       ||    15
Dodge: Dodged            |    23 |    58 |   213 |   399 |   682 |   310 |    92 |     5 |    41 ||  1823
Block: Other             |       |       |       |       |       |     2 |       |       |       ||     2
       Reflection        |       |       |       |       |       |     1 |       |       |       ||     1
       Buckler           |       |       |       |       |       |       |       |       |    14 ||    14

Table legend: (Time is in decaauts)
 A = Elapsed time spent in this place.
 B = Non-inter-level travel time spent in this place.
 C = Inter-level travel time spent in this place.
 D = Time resting spent in this place.
 E = Time spent auto-exploring this place.
 F = Levels seen in this place.
 G = Mean time per level.
                   A        B        C        D        E       F      G
               +--------+--------+--------+--------+--------+-----+--------+
         Total |  31383 |  28109 |   3274 |      0 |    132 |  71 |  442.0 |
       Dungeon |   9807 |   8568 |   1239 |      0 |     54 |  15 |  653.8 |
        Temple |    109 |    109 |      0 |      0 |      0 |   1 |  109.0 |
          Lair |   3987 |   3226 |    761 |      0 |     78 |   6 |  664.5 |
         Swamp |   1261 |   1261 |      0 |      0 |      0 |   4 |  315.2 |
   Spider Nest |   1955 |   1633 |    322 |      0 |      0 |   4 |  488.8 |
    Slime Pits |    763 |    763 |      0 |      0 |      0 |   5 |  152.6 |
  Orcish Mines |   2739 |   2046 |    693 |      0 |      0 |   2 | 1369.5 |
   Elven Halls |   3409 |   3409 |      0 |      0 |      0 |   3 | 1136.3 |
        Vaults |   3191 |   2933 |    258 |      0 |      0 |   5 |  638.2 |
        Depths |    672 |    672 |      0 |      0 |      0 |   2 |  336.0 |
   Pandemonium |    337 |    337 |      0 |      0 |      0 |   2 |  168.5 |
      Ziggurat |   2013 |   2013 |      0 |      0 |      0 |  21 |   95.9 |
       Ossuary |   1134 |   1134 |      0 |      0 |      0 |   1 | 1134.0 |
               +--------+--------+--------+--------+--------+-----+--------+

Top non-repeatable levels by time:
   Elf:3: 2207 daAuts
   Orc:2: 1869 daAuts
  Lair:6: 1317 daAuts
    D:10: 1239 daAuts
Vaults:5: 1198 daAuts
 Ossuary: 1134 daAuts
     D:5: 1097 daAuts
     D:8: 1008 daAuts
    D:15: 919 daAuts
   Orc:1: 870 daAuts
Spider:4: 859 daAuts
  Lair:2: 823 daAuts
     D:9: 799 daAuts
   Elf:1: 755 daAuts
    D:13: 731 daAuts
